 Dungeon Crawl Stone Soup version 0.17-a0-1914-gde4187c (webtiles) character file.

2793 4thArraOfDagon the Grappler (level 9, -12/85 HPs)
             Began as a Troll Air Elementalist on Sept 26, 2015.
             Was a Priest of Cheibriados.
             Mangled by a shadow (26 damage)
             ... on level 12 of the Dungeon.
             The game lasted 00:13:03 (2517 turns).

4thArraOfDagon the Grappler (TrAE)                  Turns: 2517, Time: 00:13:03

Health: -12/85     AC:  8    Str: 28 (31) XL:     9   Next: 43%
Magic:  3/11       EV: 13    Int: 21      God:    Cheibriados [***...]
Gold:   118        SH:  0    Dex: 17      Spells: 1 memorised, 8 levels left

rFire  . . .     SeeInvis .       - Unarmed
rCold  . . .     Clarity  .     r - +2 robe {rN+}
rNeg   + . .     SustAt   .     (no shield)
rPois  +         Gourm    +     (helmet restricted)
rElec  .         Spirit   .     e - +0 cloak {+Inv}
rCorr  .         Warding  .     (gloves unavailable)
rMut   .         Stasis   .     (boots unavailable)
MR     .....                    (no amulet)
Stlth  ++........               v - ring of poison resistance
                                d - +6 ring of strength

@: exhausted, flying, very slightly contaminated, hasted, repel missiles,
invisible (expiring), slow, not resistant to hostile enchantments, unstealthy
A: unfitting armour, claws 3, fast metabolism 3, gourmand, regeneration 2,
shaggy fur 1, tough skin 2
a: Bend Time, Temporal Distortion, Renounce Religion, Turn Visible


You were on level 12 of the Dungeon.
You worshipped Cheibriados.
Cheibriados was most pleased with you.
You were full.

You visited 1 branch of the dungeon, and saw 11 of its levels.

You collected 235 gold pieces.
You spent 117 gold pieces at shops.

Inventory:

Hand weapons
 l - a +0 giant spiked club
Armour
 e - a +0 cloak of invisibility (worn)
 r - a +2 robe of positive energy (worn)
Jewellery
 d - a +6 ring of strength (left claw)
 v - a ring of poison resistance (right claw)
Magical devices
 C - a wand of frost (24)
Scrolls
 a - a scroll of silence {unknown}
 f - 4 scrolls of identify {unknown}
 g - 2 scrolls of magic mapping
 i - 2 scrolls of recharging
 n - 2 scrolls of remove curse {unknown}
 o - 2 scrolls of immolation {unknown}
 q - a scroll of summoning {unknown}
 s - 3 scrolls of random uselessness {unknown}
 y - a scroll of noise {unknown}
 A - a scroll of blinking {unknown}
 D - a scroll of amnesia {unknown}
Potions
 j - a potion of degeneration
 w - a potion of brilliance {unknown}
 z - a potion of haste
Miscellaneous
 b - a fan of gales (inert)
Comestibles
 c - 8 bread rations
 h - a beef jerky
 m - 2 meat rations
 B - a chunk of flesh


   Skills:
 + Level 4.7 Fighting
 + Level 5.1 Dodging
 - Level 1.1 Stealth
 * Level 8.2 Unarmed Combat
 - Level 1.2 Spellcasting
   Level 0.6 Conjurations
 - Level 2.0 Air Magic
 + Level 4.3 Invocations
 + Level 1.3 Evocations


You had 8 spell levels left.
You knew the following spells:

 Your Spells              Type           Power        Failure   Level  Hunger
b - Repel Missiles        Chrm/Air       #.....       17%         2    ###....


Dungeon Overview and Level Annotations

Branches:
Dungeon (12/15)            Temple (0/1) D:6
   Lair: D:8-11         Orc: D:9-12

Altars:
Cheibriados
Dithmenos
Nemelex Xobeh
Okawaru
Qazlal

Shops:
D:6 [   D:7 (*

Annotations:
D:3 1 exclusion


Innate Abilities, Weirdness & Mutations

You are too large for most types of armour.
You have claws for hands.
Your metabolism is lightning-fast.
You like to eat raw meat.
You heal very quickly.
You are covered in fur (AC +1).
You have very tough skin (AC +2).


Message History

Drink which item? (? for menu, Esc to quit)
You feel better.
The shadow slips into darkness.
The shadow flickers and vanishes!
The orc misses you.
Unknown command.
Unknown command.
You flicker for a moment.
You see here an adder corpse.
Unknown command.
Unknown command.
You feel yourself speed up.
You hear some strange, mumbled words.
A magic dart appears from out of thin air!
The magic dart hits you!
* * * LOW HITPOINT WARNING * * *
The orc barely misses you.
Unknown command.
Unknown command.
The shadow strikes at you from the darkness!
You die...

##################
.......)).........
.......)o.........
.....o.o8)@.......
.......)).........
..................
##################
≈≈≈≈≈≈≈≈≈≈≈≈≈≈≈
≈;≈≈;≈≈≈≈≈≈≈≈≈≈
...........C...
...............
...#.##[.###...


You could see an orc warrior and 2 orcs.

Vanquished Creatures
  A spriggan (D:9)
  Menkaure (D:4)
  A water moccasin (D:6)
  2 ice beasts (D:7)
  3 orc warriors
  4 ogres
  A centaur (D:9)
  5 giant frogs
  A killer bee (D:8)
  A wight (D:7)
  A quasit (D:9)
  A giant frog zombie (D:9)
  A crimson imp (D:6)
  2 hounds (D:9)
  A giant frog skeleton (D:7)
  3 orc wizards
  2 iguanas
  3 orc priests
  A jelly (D:6)
  2 centaur skeletons
  4 worker ants
  A hound zombie (D:9)
  6 gnolls
  8 adders
  An ooze (D:2)
  A worm (D:3)
  An adder skeleton (D:4)
  22 orcs
  4 giant cockroaches
  3 goblins
  4 jackals
  A quokka (D:3)
  A bat (D:1)
  4 giant geckos
  A giant newt (D:5)
  A jackal zombie (D:5)
  3 kobolds
  3 rats
106 creatures vanquished.

Vanquished Creatures (collateral kills)
  A hill giant (D:10)
  An orc priest (D:10)
2 creatures vanquished.

Vanquished Creatures (others)
  An orc (D:12)
  A quokka (D:8)
2 creatures vanquished.

Grand Total: 110 creatures vanquished

Notes
Turn   | Place    | Note
--------------------------------------------------------------
     0 | D:1      | 4thArraOfDagon the Troll Air Elementalist began the quest for the Orb.
     0 | D:1      | Reached XP level 1. HP: 16/16 MP: 1/1
    87 | D:2      | You fall through a shaft!
    88 | D:3      | o
   121 | D:3      | Reached skill level 1 in Unarmed Combat
   139 | D:3      | Reached XP level 2. HP: 23/26 MP: 2/2
   264 | D:2      | Learned a level 2 spell: Repel Missiles
   431 | D:4      | Noticed an ogre
   437 | D:4      | Reached XP level 3. HP: 32/32 MP: 3/3
   461 | D:3      | Reached skill level 1 in Fighting
   511 | D:3      | Found an iron altar of Okawaru.
   555 | D:4      | Reached XP level 4. HP: 41/41 MP: 4/4
   561 | D:4      | Found a sparkling altar of Nemelex Xobeh.
   662 | D:4      | Noticed Menkaure
   672 | D:4      | Killed Menkaure
   672 | D:4      | Reached skill level 3 in Unarmed Combat
   672 | D:4      | Reached XP level 5. HP: 18/49 MP: 5/5
   696 | D:5      | Entered Level 5 of the Dungeon
   744 | D:5      | Reached skill level 4 in Unarmed Combat
   775 | D:5      | Reached XP level 6. HP: 34/57 MP: 6/6
   777 | D:4      | Found a shadowy altar of Dithmenos.
   777 | D:4      | Found a snail-covered altar of Cheibriados.
   785 | D:4      | Became a worshipper of Cheibriados the Contemplative
   960 | D:5      | Noticed an ogre
  1028 | D:5      | Killed an ogre
  1192 | D:6      | Found Tukh's Antique Armour Boutique.
  1198 | D:6      | Bought a runed robe for 19 gold pieces
  1217 | D:6      | Noticed a water moccasin
  1232 | D:6      | Killed a water moccasin
  1232 | D:6      | Reached skill level 1 in Invocations
  1232 | D:6      | Reached XP level 7. HP: 54/66 MP: 4/7
  1250 | D:6      | Reached skill level 5 in Unarmed Combat
  1350 | D:7      | Found Rituttel's General Store.
  1359 | D:7      | Acquired Cheibriados's first power
  1400 | D:6      | Found a staircase to the Ecumenical Temple.
  1449 | D:7      | Bought a potion of lignification for 42 gold pieces
  1449 | D:7      | Bought a scroll of teleportation for 42 gold pieces
  1449 | D:7      | Bought a potion of poison for 14 gold pieces
  1514 | D:7      | Found Eseteasu's Weapon Shoppe.
  1548 | D:7      | Found a stormy altar of Qazlal.
  1612 | D:7      | Reached skill level 6 in Unarmed Combat
  1612 | D:7      | Reached XP level 8. HP: 75/75 MP: 8/8
  2016 | D:9      | Reached skill level 7 in Unarmed Combat
  2226 | D:9      | Reached XP level 9. HP: 85/85 MP: 7/10
  2295 | D:9      | Acquired Cheibriados's second power
  2366 | D:10     | Entered Level 10 of the Dungeon
  2389 | D:10     | Noticed a hill giant
  2397 | D:10     | Killed a hill giant
  2397 | D:10     | Reached skill level 1 in Evocations
  2427 | D:10     | Reached skill level 5 in Dodging
  2427 | D:10     | Reached skill level 8 in Unarmed Combat
  2467 | D:10     | You fall through a shaft for 2 floors!
  2467 | D:12     | Noticed a hill giant
  2468 | D:12     | :(
  2513 | D:12     | HP: 4/85 [orc (2)]
  2517 | D:12     | Mangled by a shadow

Vault maps used:
D:1:      moated_graveyard_arrival
D:2:      grunt_gozag_statues, glass_columns_a
D:3:      lemuel_coloured_pillars_altar, first_bread, dk_noncrumbling_4
D:4:      nicolae_overflow_hidden_temple, mrwooster_statue_mirror,
          kennysheep_small_circle, uniq_menkaure
D:5:      uniq_pikel
D:6:      grunt_temple_overflow_open, minmay_temple_entry_junction,
          serial_shops, nicolae_shop_overgrown_old_shop,
          nicolae_dithmenos_through_a_glass_darkly
D:7:      kennysheep_mini, serial_shops, shop, kennysheep_little_box,
          nicolae_shop_statue_plus, shop, kennysheep_generic_room_5
D:8:      lemuel_round_altar, elyvilon_altar_4, david_lair_shrubbed, basic_altar
D:9:      the_bakery
D:12:     erik_orc_2, grunt_ministairs_15

Action                   |  1- 3 |  4- 6 |  7- 9 || total
-------------------------+-------+-------+-------++-------
Melee: Unarmed           |    76 |    75 |   237 ||   388
 Cast: Repel Missiles    |       |       |     2 ||     2
Invok: Temporal Distorti |       |       |     2 ||     2
 Abil: Evoke Invisibilit |       |     1 |     1 ||     2
Evoke: Fan of gales      |       |       |     1 ||     1
  Use: Scroll            |       |     4 |     1 ||     5
       Potion            |       |       |     9 ||     9
 Stab: Sleeping          |     1 |       |       ||     1
       Invisible         |       |       |     2 ||     2
  Eat: Chunk             |    10 |     6 |    10 ||    26
